Map: Orbital Shipyard

Players

IIIIIIIIIIII

  • Race: Zerg Zerg
  • League: Master

MCanning - Winner!

  • Race: Protoss Protoss
  • League: Grandmaster

VOD

Have the link to the VOD?

Description

Time

  • Played on: Feb. 24, 2016, 2:21 a.m.
  • Length: 10:00
Show
View Real Time Build Order
Export as new Build Order

IIIIIIIIIIII Zerg 

Build Orders: Pool First 

Get SALT Encoding   

  12  0:01  Drone  
  13  0:22  Spawning Pool  
  13  0:24  Extractor  
  11  0:29  Drone  
  12  0:38  Drone x2  
  14  0:51  Overlord  
  14  0:54  Extractor  
  14  0:55  Drone  
  15  1:11  Zergling x2  
  15  1:12  Queen  
  15  1:16  Zergling x2  
  19  1:23  Zergling x2  
  20  1:34  Zergling x2  
  20  1:38  Evolution Chamber, Metabolic Boost  
  20  1:51  Overlord  
  20  2:01  Zergling x2  
  21  2:14  Zergling x2  
  22  2:16  Hatchery  
  22  2:19  Zergling x2  
  22  2:26  Zergling x2  
  23  2:36  Zergling x2  
  25  2:37  Zergling x2  
  25  2:38  Zergling x2  
  26  2:50  Zergling x2  
  26  3:03  Zergling x6  
  29  3:09  Zergling x2  
  30  3:22  Zergling x2  
  30  3:26  Zergling x2  
  30  3:28  Zergling x2  
  30  3:29  Zergling x2  
  30  3:31  Zergling x2  
  27  3:43  Zergling x2  
  27  3:53  Drone  
  28  4:01  Drone x3  
  31  4:05  Drone  
  32  4:14  Drone  
  32  4:15  Drone  
  33  4:35  Drone  
  33  4:36  Drone, Overlord x2  
  35  4:42  Overlord  
  35  4:47  Overlord  
  27  5:01  Drone x6  
  33  5:10  Roach Warren  
  32  5:18  Drone x2  
  31  5:28  Queen  
  31  5:29  Overlord  
  33  5:50  Roach x7  
  47  6:01  Drone  
  47  6:03  Drone  
  49  6:06  Drone  
  49  6:07  Drone  
  49  6:09  Drone  
  49  6:11  Hatchery  
  51  6:15  Drone  
  51  6:16  Drone  
  53  6:23  Queen  
  55  6:26  Roach x2  
  59  6:32  Lair  
  59  6:34  Extractor  
  59  6:37  Drone  
  59  6:38  Drone, Evolution Chamber  
  59  6:42  Drone  
  60  6:47  Overlord  
  60  6:58  Spore Crawler  
  60  6:59  Drone  
  60  7:03  Zerg Missile Weapons Level 1  
  60  7:08  Drone  
  60  7:09  Drone x2, Extractor  
  60  7:10  Drone  
  60  7:11  Drone x4  
  67  7:16  Drone  
  68  7:23  Roach  
  68  7:24  Roach  
  68  7:27  Roach  
  74  7:31  Overlord  
  74  7:42  Roach  
  72  7:46  Overlord  
  72  7:50  Roach  
  72  7:51  Roach x4  
  79  7:57  Zergling x2  
  79  7:58  Zergling x8  
  74  8:03  Zergling x2  
  75  8:12  Zergling x6  
  75  8:16  Zergling x2  
  71  8:21  Drone  
  71  8:22  Drone x3  
  65  8:34  Drone  
  65  8:35  Drone x2  
  65  8:39  Glial Reconstitution  
  68  8:58  Hatchery  
  68  9:00  Roach x3  
  68  9:01  Zergling x2  
  74  9:11  Queen  
  76  9:19  Roach x3  
  76  9:20  Zergling x2  
  83  9:29  Overlord x3  
Show
View Real Time Build Order
Export as new Build Order

MCanning Protoss - Winner!

Build Orders: Nexus First 

Get SALT Encoding   

  12  0:01  Probe (Chrono Boost)  
  13  0:11  Probe (Chrono Boost)  
  14  0:19  Pylon  
  14  0:22  Probe (Chrono Boost)  
  15  0:37  Probe (Chrono Boost)  
  16  0:47  Probe (Chrono Boost)  
  17  0:57  Nexus  
  17  1:07  Gateway  
  17  1:12  Probe (Chrono Boost)  
  18  1:22  Assimilator  
  18  1:23  Probe (Chrono Boost)  
  19  1:27  Assimilator  
  19  1:33  Probe (Chrono Boost)  
  21  1:50  Gateway  
  19  1:54  Zealot (Chrono Boost)  
  19  1:58  Cybernetics Core  
  21  2:03  Pylon  
  21  2:21  Pylon, Zealot (Chrono Boost)  
  23  2:34  Mothership Core (Chrono Boost)  
  27  2:37  Adept  
  27  2:41  Warp Gate (Chrono Boost)  
  26  2:48  Sentry (Chrono Boost)  
  26  2:50  Probe (Chrono Boost)  
  29  2:57  Probe (Chrono Boost)  
  30  3:00  Probe (Chrono Boost)  
  31  3:08  Probe (Chrono Boost)  
  31  3:12  Stalker (Chrono Boost)  
  34  3:24  Pylon  
  34  3:35  Gateway  
  34  3:39  Sentry x2 (Chrono Boost)  
  38  3:45  Pylon  
  38  3:47  Probe  
  39  3:51  Probe  
  40  3:59  Probe  
  41  4:07  Probe  
  42  4:19  Robotics Facility  
  42  4:24  Pylon  
  42  4:25  Probe  
  42  4:26  Probe (Chrono Boost)  
  44  4:37  Probe (Chrono Boost)  
  46  4:39  Gateway  
  46  4:40  Probe (Chrono Boost)  
  46  4:45  Sentry  
  48  4:48  Probe (Chrono Boost)  
  49  4:56  Adept x2  
  49  5:05  Warp Prism (Chrono Boost)  
  49  5:12  Probe  
  50  5:21  Probe  
  51  5:24  Probe  
  52  5:33  Probe (Chrono Boost)  
  53  5:37  Gateway  
  53  5:38  Probe (Chrono Boost), Observer  
  55  5:44  Probe (Chrono Boost)  
  55  5:48  Probe (Chrono Boost)  
  57  5:51  Pylon  
  57  5:55  Probe (Chrono Boost)  
  58  5:59  Probe (Chrono Boost)  
  58  6:03  Twilight Council  
  59  6:05  Probe (Chrono Boost)  
  59  6:09  Probe (Chrono Boost)  
  62  6:12  Robotics Bay  
  62  6:14  Probe (Chrono Boost)  
  62  6:16  Immortal (Chrono Boost)  
  66  6:27  Probe, Pylon  
  66  6:28  Probe  
  68  6:36  Assimilator  
  68  6:42  Probe, Assimilator  
  68  6:43  Blink (Chrono Boost)  
  68  6:46  Pylon  
  69  6:48  Stalker x2  
  69  6:53  Stalker  
  75  6:58  Stalker  
  77  7:01  Probe  
  78  7:14  Probe  
  79  7:23  Disruptor  
  79  7:27  Nexus  
  79  7:28  Pylon  
  82  7:38  Zealot x4  
  82  7:42  Stalker x4  
  88  7:44  Probe  
  83  8:01  Probe  
  83  8:02  Disruptor, Probe  
  88  8:12  Stalker x4  
  94  8:22  Probe  
  91  8:32  Probe  
  88  8:36  Stalker  
  88  8:37  Disruptor (Chrono Boost)  
  88  8:39  Gateway  
  88  8:40  Probe  
  94  8:42  Probe  
  94  8:47  Gateway  
  95  8:51  Pylon  
  95  8:52  Probe  
  96  8:59  Stalker  
  96  9:00  Stalker  
  100  9:06  Stalker x2  
  104  9:10  Pylon  
  104  9:11  Warp Prism (Chrono Boost)  
  104  9:12  Probe  
  107  9:25  Stalker x2  
  111  9:34  Probe  
  112  9:38  Stalker x2  
  112  9:39  Stalker  
  112  9:45  Pylon  
Tags
 
Add a new tag
Caveats
  • Supply blocks, unpowered buildings, or Contaminate may cause inaccurate times.
  • Supply counts are checked every 10 seconds.